 Dungeon Crawl Stone Soup version 0.23-a0-137-gef0ad6d (webtiles) character file.

18 Amnesiac the Gusty (level 2, -1/19 HPs)
             Began as a Mummy Air Elementalist on Aug 30, 2018.
             Slain by an orc priest (3 damage)
             ... on level 2 of the Dungeon.
             The game lasted 00:02:08 (664 turns).

Amnesiac the Gusty (Mummy Air Elementalist)          Turns: 664, Time: 00:02:09

Health: -1/19      AC:  2    Str: 11    XL:     2   Next: 51%
Magic:  0/6        EV: 12    Int: 14    God:
Gold:   34         SH:  0    Dex: 12    Spells: 4/7 levels left

rFire    x . .     SeeInvis .   (no weapon)
rCold    + . .     Gourm    .   (no shield)
rNeg     + + +     Faith    .   a - +0 robe
rPois    ∞         Spirit   .   (no helmet)
rElec    .         Reflect  .   (no cloak)
rCorr    .         Harm     .   (no gloves)
MR       .....                  (no boots)
Stlth    ++........             (no amulet)
HPRegen  0.06/turn              (no ring)
MPRegen  0.10/turn              (no ring)

@: very slightly contaminated
A: no food or potions, fire vulnerability, cold resistance 1, negative energy
resistance 3, torment resistance, unbreathing
a: no special abilities


You were on level 2 of the Dungeon.
You were not hungry.

You visited 1 branch of the dungeon, and saw 3 of its levels.

You collected 34 gold pieces.

Inventory:

Armour
 a - a +0 robe (worn)
Scrolls
 b - a scroll of noise {!r, unknown}
 c - a scroll of remove curse {!r, unknown}


   Skills:
 - Level 1.5 Dodging
 - Level 1.5 Stealth
 + Level 3.0 Spellcasting
 - Level 0.7 Conjurations
 * Level 3.0 Air Magic


You had 4 spell levels left.
You knew the following spells:

 Your Spells              Type           Power        Failure   Level  Hunger
a - Shock                 Conj/Air       #...         10%         1    N/A
z - Swiftness             Chrm/Air       #.......     17%         2    N/A

Your spell library contained the following spells:

 Spells                   Type           Power        Failure   Level  Hunger
 Static Discharge         Conj/Air       #.......     28%         3    N/A
 Airstrike                Air            ##........   52%         4    N/A
 Lightning Bolt           Conj/Air       #.........   95%         5    N/A

Dungeon Overview and Level Annotations

Branches:
Dungeon (3/15)

Altars:


Innate Abilities, Weirdness & Mutations

You do not eat or drink.
Your flesh is vulnerable to fire.
You are immune to poison.
Your flesh is cold resistant. (rC+)
You are immune to negative energy. (rN+++)
You are immune to unholy pain and torment.
You can survive without breathing.


Message History

Press: ? - help, Shift-Dir - straight line, f - orc priest
Aim: an orc priest, wearing a ring mail You miscast Shock.
You are very lightly contaminated with residual magic.
You are momentarily dazzled by a flash of light!
Casting: Shock (safe; 10% risk of failure)
Confirm with . or Enter, or press ? or * to list all spells.
Aiming: Shock (safe; 10% risk of failure)
Press: ? - help, Shift-Dir - straight line, f/p - orc priest
Aim: an orc priest, wearing a ring mail The zap hits the orc priest.
The orc priest is lightly wounded.
The zap hits the orc priest.
The orc priest is lightly wounded.
The orc priest barely misses you.
Casting: Shock (safe; 10% risk of failure)
Confirm with . or Enter, or press ? or * to list all spells.
Aiming: Shock (safe; 10% risk of failure)
Press: ? - help, Shift-Dir - straight line, f/p - orc priest
Aim: an orc priest, wearing a ring mail (lightly wounded)
The zap hits the orc priest.
The orc priest appears unharmed.
The orc priest is lightly wounded.
The zap hits the orc priest.
The orc priest is moderately wounded.
The orc priest closely misses you.
Casting: Shock (safe; 10% risk of failure)
Confirm with . or Enter, or press ? or * to list all spells.
Aiming: Shock (safe; 10% risk of failure)
Press: ? - help, Shift-Dir - straight line, f/p - orc priest
Aim: an orc priest, wearing a ring mail (moderately wounded)
The zap hits the orc priest.
The orc priest appears unharmed.
The orc priest is moderately wounded.
The zap hits the orc priest.
The orc priest is heavily wounded.
The orc priest closely misses you.
Casting: Shock (safe; 10% risk of failure)
Confirm with . or Enter, or press ? or * to list all spells.
Aiming: Shock (safe; 10% risk of failure)
Press: ? - help, Shift-Dir - straight line, f/p - orc priest
Aim: an orc priest, wearing a ring mail (heavily wounded)
The zap misses the orc priest.
The zap hits the orc priest.
The orc priest is severely wounded.
The orc priest hits you.
* * * LOW HITPOINT WARNING * * *
Unknown command.
Unknown command.
Casting: Shock (safe; 10% risk of failure)
Confirm with . or Enter, or press ? or * to list all spells.
Aiming: Shock (safe; 10% risk of failure)
Press: ? - help, Shift-Dir - straight line, f/p - orc priest
Aim: an orc priest, wearing a ring mail (severely wounded)
The zap hits the orc priest.
The orc priest is almost dead.
The zap hits the orc priest.
The orc priest appears unharmed.
The orc priest is almost dead.
The orc priest closely misses you.
Unknown command.
Casting: Shock (safe; 10% risk of failure)
Confirm with . or Enter, or press ? or * to list all spells.
You don't have enough magic to cast that spell.
You barely miss the orc priest.
The orc priest is almost dead.
The orc priest hits you.
You die...

#.#
#######.###..#
#.# #.# #..#
#.# ... ...#
#.# ###. #..#
#.# . #..# #.#
.##... #.# .##
#>#######.##
#..o@.......
#########..†


You could see an orc priest.

Vanquished Creatures
  An orc (D:3)
  2 bats
  A giant cockroach (D:2)
  3 goblins (D:2)
  A hobgoblin (D:1)
  2 jackals (D:3)
  A quokka (D:3)
  3 frilled lizards
  2 rats
16 creatures vanquished.

Notes
Turn   | Place    | Note
-------+----------+-------------------------------------------
     0 | D:1      | Amnesiac the Mummy Air Elementalist began the quest for the
                  | Orb.
     0 | D:1      | Reached XP level 1. HP: 13/13 MP: 4/4
   167 | D:2      | Reached XP level 2. HP: 9/19 MP: 1/5
   209 | D:2      | Learned a level 2 spell: Swiftness
   664 | D:2      | Slain by an orc priest

Vault maps used:
D:1:      dpeg_arrival_renting
D:3:      lemuel_upstairs_altar

Skill      XL: |  1  2 |
---------------+-------+-----
Air Magic      | 3 |  3.0
Spellcasting   | 3 |  3.0
Dodging        | |  1.5
Stealth        | |  1.5
Conjurations   | |  0.7

Action                   || total
-------------------------++-------
Melee: Unarmed           ||     1
 Cast: Shock             ||    25
Armor: Robe              ||     9
Dodge: Dodged            ||    19

Table legend:
 A = Non-vault XP
 B = Vault XP
 C = Vault XP percentage of total XP
 D = Non-vault monster count
 E = Vault monster count
 F = Vault count percentage of total count
                 A         B        C        D         E       F
            +---------+---------+-------+---------+---------+-------
      Total |      27 |       0 |   0.0 |      16 |       0 |   0.0
            +---------+---------+-------+---------+---------+-------
        D:1 |       4 |       0 |   0.0 |       2 |       0 |   0.0
        D:2 |      12 |       0 |   0.0 |       8 |       0 |   0.0
        D:3 |      11 |       0 |   0.0 |       6 |       0 |   0.0
            +---------+---------+-------+---------+---------+-------
